 Dungeon Crawl Stone Soup version 0.21.1-1-g345015f (webtiles) character file.

380787 JeffiDaFish the Metallomancer (level 22, -76/127 HPs)
             Began as a Gargoyle Earth Elementalist on Feb 13, 2018.
             Was the Champion of Vehumet.
             Killed by Shatter
             ... invoked by Jorgrun
              (84 damage)
             ... on level 4 of the Vaults on Feb 14, 2018.
             The game lasted 04:30:05 (57186 turns).

JeffiDaFish the Metallomancer (GrEE)               Turns: 57186, Time: 04:30:05

Health: -76/127    AC: 28    Str: 13    XL:     22   Next: 88%
Magic:  4/53       EV: 22    Int: 28    God:    Vehumet [******]
Gold:   3202       SH: 17    Dex: 10    Spells: 8/57 levels left

rFire    + . .     SeeInvis .   F - +10 morningstar of the Traitor {freeze, MR+}
rCold    + . .     Gourm    .   D - +3 buckler
rNeg     + . .     Faith    .   v - +2 robe {rF+}
rPois    ∞         Spirit   .   e - +2 hat {MR+}
rElec    +         Reflect  +   (no cloak)
rCorr    .         Harm     .   O - +2 pair of gloves
MR       +++++                  M - +0 pair of boots of Mirth {rC+ MR+ MP+9} (curse)
Stlth    ++........             A - amulet "Seffamid" {Reflect rPois MR++ SH+5}
HPRegen  0.31/turn              f - +3 ring of intelligence
MPRegen  0.33/turn              H - +5 ring of evasion

@: about to teleport, flying
A: big wings, large bone plates 1, negative energy resistance 1, electricity
resistance, unbreathing, petrification resistance, rot immunity, MP-powered
wands, AC +16
}: 2/15 runes: serpentine, barnacled
a: Stop Flying, Renounce Religion


You were on level 4 of the Vaults.
You worshipped Vehumet.
Vehumet was exalted by your worship.
You were hungry.

You visited 7 branches of the dungeon, and saw 38 of its levels.
You also visited: Labyrinth, Bailey and Ice Cave.

You collected 5065 gold pieces.
You spent 1863 gold pieces at shops.

Inventory:

Hand Weapons
 F - the +10 morningstar of the Traitor (weapon) {freeze, MR+}
   (You found it on level 5 of the Lair of Beasts)

   It has been specially enchanted to freeze those struck by it, causing extra
   injury to most foes and up to half again as much damage against particularly
   susceptible opponents.
   It can also slow down cold-blooded creatures.
   It affects your resistance to hostile enchantments.
Missiles
 b - 568 stones (quivered)
Armour
 e - a +2 hat of magic resistance (worn)
 v - a +2 robe of fire resistance (worn)
 D - a +3 buckler (worn)
 M - the cursed +0 pair of boots of Mirth (worn) {rC+ MR+ MP+9}
   (You found it on level 3 of the Elven Halls)

   It protects you from cold.
   It affects your resistance to hostile enchantments.
   It affects your magic capacity (+9).
   It has a curse placed upon it.
 O - a +2 pair of gloves (worn)
Magical Staves
 R - an uncursed staff of fire
Jewellery
 f - a +3 ring of intelligence (left hand)
 i - the ring "Meismax" {rPois Dex+7}
   (You found it in an ice cave)

   [ring of poison resistance]

   It affects your dexterity (+7).
   It protects you from poison.
 j - an uncursed ring of wizardry
 l - an uncursed ring of protection from fire
 A - the amulet "Seffamid" (around neck) {Reflect rPois MR++ SH+5}
   (You found it on level 10 of the Dungeon)

   [amulet of reflection]

   It shields you and reflects attacks.
   It protects you from poison.
   It affects your resistance to hostile enchantments.
   It affects your SH (+5).
 H - a +5 ring of evasion (right hand)
Wands
 E - a wand of iceblast (12)
Scrolls
 a - 26 scrolls of identify
 g - a scroll of summoning
 h - 16 scrolls of remove curse
 k - 12 scrolls of teleportation
 t - 2 scrolls of fear
 u - 7 scrolls of amnesia
 y - 7 scrolls of fog
 C - 6 scrolls of magic mapping
 K - 2 scrolls of holy word
 L - 2 scrolls of silence
 P - 2 scrolls of blinking
Potions
 m - 2 potions of invisibility
 n - 2 potions of haste
 o - 2 potions of heal wounds
 q - 17 potions of curing
 r - a potion of magic
 s - 7 potions of berserk rage
 x - 2 potions of might
 B - a potion of resistance
 I - 4 potions of agility
 V - a potion of brilliance
Books
 c - a book of the Earth

   Spells                             Type                      Level
   a - Leda's Liquefaction            Hexes/Earth                  4
   b - Bolt of Magma                  Conjuration/Fire/Earth       5
   c - Statue Form                    Transmutation/Earth          6
   d - Iron Shot                      Conjuration/Earth            6
   e - Shatter                        Earth                        9
 w - a book of the Dragon

   Spells                             Type                      Level
   a - Flame Tongue                   Conjuration/Fire             1
   b - Cause Fear                     Hexes                        4
   c - Bolt of Fire                   Conjuration/Fire             6
   d - Dragon Form                    Transmutation                7
   e - Dragon's Call                  Summoning                    9
 G - a book of Fire

   Spells                             Type                      Level
   a - Ignite Poison                  Fire/Transmutation/Poison    3
   b - Fireball                       Conjuration/Fire             5
   c - Bolt of Fire                   Conjuration/Fire             6
   d - Ring of Flames                 Charms/Fire                  7
   e - Ignition                       Fire                         8
 J - the Tome of the Stork
   (You acquired it on level 11 of the Dungeon)

   Spells                             Type                      Level
   a - Inner Flame                    Hexes/Fire                   3
   b - Tukima's Dance                 Hexes                        3
   c - Iskenderun's Battlesphere      Conjuration/Charms           5
   d - Conjure Ball Lightning         Conjuration/Air              6
   e - Iron Shot                      Conjuration/Earth            6
   f - Discord                        Hexes                        8
 S - the Almanac of Snow and Darkness
   (You found it on level 3 of the Elven Halls)

   Spells                             Type                      Level
   a - Animate Skeleton               Necromancy                   1
   b - Sublimation of Blood           Necromancy                   2
   c - Regeneration                   Charms/Necromancy            3
   d - Animate Dead                   Necromancy                   4
   e - Bolt of Cold                   Conjuration/Ice              6
 T - a book of Spatial Translocations

   Spells                             Type                      Level
   a - Blink                          Translocation                2
   b - Shroud of Golubria             Charms/Translocation         2
   c - Lesser Beckoning               Translocation                3
   d - Gell's Gravitas                Translocation                3
   e - Teleport Other                 Translocation                3
   f - Passage of Golubria            Translocation                4
Comestibles
 d - 54 rations
 p - 3 chunks of flesh


   Skills:
 - Level 10.0 Fighting
   Level 1.9 Short Blades
 - Level 10.5 Maces & Flails
 - Level 8.4 Armour
 - Level 10.3 Dodging
 - Level 2.1 Stealth
 - Level 6.5 Shields
 - Level 0.6 Unarmed Combat
 * Level 18.1 Spellcasting
 * Level 15.1 Conjurations
 - Level 10.0 Hexes
 - Level 0.7 Transmutations
 + Level 13.0 Fire Magic
 + Level 21.5 Earth Magic


You had 8 spell levels left.
You knew the following spells:

 Your Spells              Type           Power        Failure   Level  Hunger
a - Sandblast             Erth           ######       0%          1    None
b - Stone Arrow           Conj/Erth      ######       0%          3    None
c - Lee's Rapid Deconstr  Erth           #######...   0%          5    None
d - Confuse               Hex            ######..     1%          3    None
e - Mephitic Cloud        Conj/Pois/Air  ######..     1%          3    None
f - Blink                 Tloc           N/A          2%          2    None
g - Ignite Poison         Fire/Tmut/Pois ######..     1%          3    None
h - Invisibility          Hex            ######..     4%          6    ##.....
i - Iron Shot             Conj/Erth      #######...   1%          6    ##.....
j - Shatter               Erth           #######...   5%          9    #######
k - Lehudib's Crystal Sp  Conj/Erth      #######...   1%          8    ######.


Dungeon Overview and Level Annotations

Branches:
Dungeon (15/15)            Temple (0/1) D:7            Lair (6/6) D:10
 Shoals (4/4) Lair:3        Snake (4/4) Lair:2        Slime (0/5) Lair:5
    Orc (2/2) D:12            Elf (3/3) Orc:2        Vaults (4/5) D:14
  Crypt (0/3) Vaults:2     Depths (0/5) D:15

Altars:
Cheibriados
Kikubaaqudgha
Nemelex Xobeh
Ru
Trog
Vehumet
Jiyva

Shops:
D:8 !   D:12 [   D:13 }:(?:   Orc:2 ?(}}   Shoals:3 [   Shoals:4 ?:   Snake:2 ?
Snake:3 (!}[?!(   Vaults:3 !?

Portals:
Trove: Elf:3 (give +3 fire dragon scales)

Annotations:
D:4 2 transporters
Vaults:4 Jorgrun, Sojobo


Innate Abilities, Weirdness & Mutations

You are resistant to torment.
Your stone body is resilient. (AC +16)
You are immune to poison.
Your large and strong wings let you fly indefinitely.
You resist negative energy. (rN+)
You are resistant to electric shocks. (rElec)
You can survive without breathing.
You are immune to petrification.
You are immune to rotting.
You are partially covered in large bone plates. (SH +4)
You expend magic power (3 MP) to strengthen your wands.


Message History

Confirm with . or Enter, or press ? or * to list all spells.
You blink.
The air elemental disappears in a puff of smoke!
A vortex of raging winds appears around the air elemental!
Jorgrun gestures wildly while chanting.
The dungeon rumbles around Jorgrun!
You shudder from the earth-shattering force.
Ouch! That really hurt!
* * * LOW HITPOINT WARNING * * *
Ka-crash!
As you read the scroll of teleportation, it crumbles to dust.
You feel strangely unstable.
* * * LOW HITPOINT WARNING * * *
You block the air elemental's attack. x3
Jorgrun gestures wildly while chanting.
The dungeon rumbles around Jorgrun!
The air elemental is destroyed!
You shudder from the earth-shattering force.
Ouch! That really hurt!
You die...

.. #......#.g..(.###'##.>
... #......#)g.......(....
.... #......#..(....)))....
..... #.. ...#§§§§..........
......#####.##§§§§.§........
...........§§§§§§§.§........
...........§§§§§§§§.........
...........§EEQ§§§§§........
...........@§§§§§§§§........
############################


You could see Sojobo, Jorgrun and 2 air elementals.

Vanquished Creatures
  Saint Roka (Vaults:1)
  Xtahua (Vaults:2)
  Vashnia (Snake:4)
  2 liches (Vaults:2)
  2 deep elf blademasters (Elf:3)
  A deep elf master archer (Elf:3)
  Kirke (D:12)
  Gastronok (Lair:3)
  2 krakens
  Donald (Shoals:2)
  Roxanne (D:15)
  6 nagarajas
  A tengu reaver (Vaults:4)
  Ilsuiw (Shoals:4)
  3 deep elf elementalists (Elf:3)
  7 deep elf sorcerers
  6 vault wardens
  Aizul (Snake:1)
  8 stone giants
  11 ironheart preservers
  3 entropy weavers
  7 deep elf demonologists
  Azrael (Elf:2)
  5 deep elf annihilators
  A large abomination (Elf:3)
  An ettin (D:15)
  5 deep elf death magi
  A minotaur (Lab)
  Josephine (Lair:5)
  11 merfolk impalers
  A merfolk javelineer (Shoals:4)
  2 fire dragons
  7 ogre magi
  The ghost of reaper779 the Thaumaturge, a journeyman DEFE of Vehumet (Lair:5)
  3 ice dragons
  6 yaktaur captains
  A rakshasa (Vaults:2)
  2 great orbs of eyes
  5 vault guards (Vaults:1)
  4 catoblepae
  12 naga warriors
  4 hydras
  14 anacondas
  7 merfolk aquamancers
  4 death knights
  3 alligator snapping turtles
  11 centaur warriors
  18 two-headed ogres
  5 merfolk avatars
  20 dancing weapons
  3 deep troll earth magi
  2 deep troll shamans
  5 death yaks (Lair:6)
  3 tengu warriors
  2 satyrs
  3 orc high priests (Orc:2)
  Urug (Lair:5)
  11 naga sharpshooters
  A hell knight (D:15)
  13 shock serpents
  Nergalle (Lair:1)
  2 shadow wraiths
  25 deep elf knights
  5 salamander mystics
  8 skeletal warriors
  7 unseen horrors
  9 sea snakes
  2 flayed ghosts
  8 naga ritualists
  3 glowing orange brains
  A swamp dragon (shapeshifter) (Vaults:2)
  2 wizards
  10 deep trolls
  18 deep elf archers
  12 ironbrand convokers
  11 harpies
  14 orc knights
  6 phantasmal warriors
  4 necromancers
  4 lindwurms (Snake:4)
  Pikel (D:4)
  13 mana vipers
  15 fauns
  7 orc sorcerers
  4 wolf spiders
  74 deep elf magi
  13 cyclopes
  14 manticores
  An oklob plant (Lair:4)
  24 ugly things
  39 black mambas
  12 salamanders
  A stone giant skeleton (Vaults:3)
  A human skeleton (Vaults:3)
  10 guardian serpents
  A fire giant zombie (Vaults:3)
  5 water nymphs
  12 merfolk sirens
  A gargoyle (D:10)
  23 naga magi
  8 vault sentinels
  2 ice statues (IceCv)
  6 spiny frogs
  31 yaktaurs
  A yaktaur zombie (Vaults:3)
  4 centaur skeletons
  3 rime drakes
  A rime drake (shapeshifter) (Vaults:2)
  A yaktaur (shapeshifter) (Elf:3)
  8 komodo dragons
  6 freezing wraiths
  2 kobold demonologists
  A komodo dragon (shapeshifter) (D:14)
  2 tengu conjurers (D:15)
  A redback zombie (D:11)
  2 queen bees (shapeshifter)
  33 merfolk
  3 hornets
  4 trolls
  A meliai (shapeshifter) (Elf:1)
  A harpy skeleton (D:15)
  Grinder (D:3)
  9 wind drakes
  An ettin zombie (Vaults:3)
  15 slime creatures
  A slime creature (shapeshifter) (Elf:1)
  20 dream sheep
  12 blink frogs
  10 hippogriffs
  17 snapping turtles
  A centaur simulacrum (D:15)
  3 redbacks
  5 wraiths
  71 yaks
  3 shadows
  3 air elementals
  3 wyverns
  A redback (shapeshifter) (D:15)
  A steam dragon (D:9)
  6 fire elementals
  A human (D:12)
  14 water elementals
  2 hungry ghosts
  4 basilisks
  A basilisk (shapeshifter) (Vaults:4)
  12 vampire mosquitoes
  A warg (shapeshifter) (Vaults:2)
  51 nagas
  9 wargs
  A soldier ant (D:14)
  An acid dragon (Vaults:2)
  10 water moccasins
  A hornet zombie (D:13)
  9 porcupines
  Duvessa (D:7)
  2 sky beasts
  3 hell hounds (Elf:2)
  44 orc warriors
  18 ice beasts
  3 black bears
  9 phantoms
  4 slaves (D:4)
  27 ogres
  An eye of draining (shapeshifter) (D:14)
  2 necrophages
  4 boggarts (Vaults:2)
  5 wolves (Lair:3)
  26 centaurs
  12 crocodiles
  19 bullfrogs
  3 big kobolds
  A wyvern zombie (D:13)
  A glowing shapeshifter simulacrum (Vaults:2)
  10 earth elementals
  Dowan (D:7)
  6 scorpions
  3 troll zombies (D:12)
  2 human simulacra (Vaults:3)
  An elf simulacrum (Vaults:3)
  6 jellies
  3 killer bees (D:8)
  19 wights
  3 electric eels
  5 howler monkeys
  11 crimson imps
  A quasit (D:8)
  4 centaur zombies
  5 hounds
  28 orc priests
  3 bullfrog zombies
  25 orc wizards
  3 bullfrog skeletons
  A gnoll shaman (D:8)
  Natasha (D:4)
  A worker ant (shapeshifter) (Vaults:4)
  4 iguanas
  10 worker ants
  3 ogre zombies (D:12)
  2 hound zombies (D:8)
  2 hound skeletons (D:5)
  Robin (D:3)
  A worker ant zombie (D:6)
  11 gnolls
  18 adders
  3 shadow imps
  11 white imps (D:14)
  3 dart slugs
  7 leopard geckos
  105 orcs
  5 giant cockroaches
  22 goblins
  11 hobgoblins
  19 jackals
  4 quokkas
  A ball python (D:1)
  5 bats
  5 frilled lizards
  4 goblin zombies (D:12)
  3 hobgoblin skeletons (D:12)
  2 hobgoblin zombies (D:12)
  A jackal skeleton (D:8)
  29 kobolds
  2 leopard gecko skeletons
  2 orc skeletons (D:12)
  8 orc zombies (D:12)
  2 quokka skeletons
  6 rats
  6 crawling corpses
  7 plants
  2 tentacles (Shoals:4)
1766 creatures vanquished.

Vanquished Creatures (others)
  A deep elf master archer (Elf:3)
  A tengu reaver (Vaults:4)
  A stone giant (Vaults:3)
  2 very ugly things (Vaults:4)
  A deep elf annihilator (Elf:3)
  2 merfolk javelineers
  2 yaktaur captains
  2 naga sharpshooters
  A deep elf knight (Elf:2)
  An unseen horror (Vaults:1)
  A shadow wraith (Vaults:2)
  A deep elf archer (Vaults:2)
  3 fauns
  A deep elf mage (Elf:2)
  A manticore (Lair:6)
  3 ugly things (Vaults:4)
  2 cyclopes
  A black mamba (Snake:1)
  6 yaktaurs
  A merfolk (Shoals:3)
  A naga (Snake:1)
  An ice beast (D:12)
  2 centaurs
  An ogre (Vaults:1)
  A white imp (D:14)
  2 orcs
  3 fungi
  24 plants
  8 tentacles (Shoals:4)
77 creatures vanquished.

Grand Total: 1843 creatures vanquished

Notes
Turn   | Place    | Note
-------+----------+-------------------------------------------
     0 | D:1      | JeffiDaFish the Gargoyle Earth Elementalist began the quest for the Orb.
     0 | D:1      | Reached XP level 1. HP: 10/10 MP: 3/3
    74 | D:1      | Reached skill level 4 in Earth Magic
    79 | D:1      | Reached XP level 2. HP: 11/15 MP: 0/5
   537 | D:1      | Reached XP level 3. HP: 15/20 MP: 1/6
   552 | D:1      | Learned a level 3 spell: Stone Arrow
   719 | D:1      | Reached skill level 1 in Fighting
  1403 | D:2      | Reached XP level 4. HP: 11/25 MP: 3/7
  1611 | D:2      | Reached skill level 5 in Earth Magic
  1943 | D:2      | Reached skill level 1 in Maces & Flails
  2100 | D:3      | Noticed Robin
  2104 | D:3      | Reached XP level 5. HP: 25/29 MP: 6/9
  2132 | D:3      | Killed Robin
  2422 | D:2      | Learned a level 5 spell: Lee's Rapid Deconstruction
  2731 | D:3      | Found a sacrificial altar of Ru.
  2796 | D:3      | Noticed Grinder
  2800 | D:3      | Paralysed by Grinder for 2 turns
  2802 | D:3      | Killed Grinder
  2802 | D:3      | Reached skill level 6 in Earth Magic
  2802 | D:3      | Reached XP level 6. HP: 31/34 MP: 6/12
  2918 | D:3      | Learned a level 3 spell: Confuse
  2989 | D:4      | Reached XP level 7. HP: 31/38 MP: 6/13
  3005 | D:4      | Found a sacrificial altar of Ru.
  3335 | D:4      | Reached skill level 1 in Hexes
  3335 | D:4      | Reached skill level 7 in Earth Magic
  3572 | D:4      | Found a bloodstained altar of Trog.
  3572 | D:4      | Noticed a troll
  3581 | D:4      | Found a transporter.
  3651 | D:4      | Found a transporter.
  3845 | D:4      | Noticed Pikel
  3856 | D:4      | Killed Pikel
  3856 | D:4      | Reached skill level 5 in Spellcasting
  3856 | D:4      | Reached skill level 8 in Earth Magic
  3856 | D:4      | Reached XP level 8. HP: 41/43 MP: 16/16
  3937 | D:4      | Noticed Natasha
  3943 | D:4      | Killed Natasha
  4209 | D:5      | Entered Level 5 of the Dungeon
  4213 | D:5      | Learned a level 2 spell: Ensorcelled Hibernation
  4456 | D:5      | Found a snail-covered altar of Cheibriados.
  4467 | D:5      | Reached skill level 9 in Earth Magic
  4467 | D:5      | Reached XP level 9. HP: 33/47 MP: 14/18
  5025 | D:6      | Reached skill level 1 in Short Blades
  5608 | D:6      | Reached skill level 5 in Hexes
  6212 | D:7      | Noticed Duvessa
  6212 | D:7      | Noticed Dowan
  6216 | D:7      | Killed Duvessa
  6220 | D:7      | Killed Dowan
  6220 | D:7      | Reached skill level 10 in Earth Magic
  6255 | D:7      | Found a radiant altar of Vehumet.
  6295 | D:7      | Became a worshipper of Vehumet
  6384 | D:7      | Reached XP level 10. HP: 58/58 MP: 18/21
  6598 | D:7      | Gained mutation: You have an increased reservoir of magic. (+10% MP) [potion of mutation]
  6598 | D:7      | Lost mutation: You have an increased reservoir of magic. (+10% MP) [potion of mutation]
  6598 | D:7      | Gained mutation: You expend magic power (3 MP) to strengthen your wands. [potion of mutation]
  6598 | D:7      | Gained mutation: You are partially covered in large bone plates. (SH +4) [potion of mutation]
  6801 | D:7      | Found a staircase to the Ecumenical Temple.
  7131 | D:8      | Reached skill level 5 in Fighting
  7175 | D:8      | Reached * piety under Vehumet
  7175 | D:8      | Offered knowledge of Sting by Vehumet.
  7245 | D:8      | Found Gaeneps's Distillery.
  7544 | D:8      | Bought 2 potions of heal wounds for 110 gold pieces
  7544 | D:8      | Bought a potion of heal wounds for 55 gold pieces
  7585 | D:8      | Learned a level 2 spell: Blink
  7912 | D:9      | Noticed a two-headed ogre
  7931 | D:8      | Killed a two-headed ogre
  7931 | D:8      | Reached skill level 11 in Earth Magic
  8169 | D:9      | Reached ** piety under Vehumet
  8231 | D:9      | Offered knowledge of Throw Frost by Vehumet.
  8236 | D:9      | Found a flagged portal.
  8277 | Bailey   | Entered a bailey
  8428 | Bailey   | Reached XP level 11. HP: 65/66 MP: 18/23
  8586 | Bailey   | Noticed an orc knight
  8602 | Bailey   | Killed an orc knight
  8775 | Bailey   | Found an iron altar of Okawaru.
  8834 | D:9      | Found an ancient bone altar of Kikubaaqudgha.
  9144 | D:9      | You fall through a shaft!
  9144 | D:10     | Entered Level 10 of the Dungeon
  9153 | D:10     | Noticed a two-headed ogre
  9160 | D:10     | Killed a two-headed ogre
  9160 | D:10     | Offered knowledge of Ignite Poison by Vehumet.
  9172 | D:10     | Learned a level 3 spell: Mephitic Cloud
  9176 | D:10     | Learned a level 3 spell: Ignite Poison
  9272 | D:10     | Reached *** piety under Vehumet
  9393 | D:10     | Found a staircase to the Lair.
  9670 | D:10     | Reached skill level 12 in Earth Magic
  9724 | D:10     | Noticed a purple ugly thing
  9730 | D:10     | Killed a purple ugly thing
  9730 | D:10     | Reached skill level 1 in Armour
  9778 | D:10     | Offered knowledge of Fulminant Prism by Vehumet.
 10077 | D:10     | Got a heavily runed ivory amulet
 10078 | D:10     | Identified the amulet "Seffamid" {Reflect rPois MR++ SH+5} (You found it on level 10 of the Dungeon)
 10435 | Lair:1   | Entered Level 1 of the Lair of Beasts
 10701 | Lair:1   | Noticed Nergalle
 10721 | Lair:1   | Killed Nergalle
 11148 | Lair:1   | Reached XP level 12. HP: 32/73 MP: 14/25
 11894 | Lair:2   | Found a staircase to the Snake Pit.
 11901 | Lair:2   | Reached **** piety under Vehumet
 11901 | Lair:2   | Reached skill level 5 in Armour
 12563 | Lair:3   | Offered knowledge of Yara's Violent Unravelling by Vehumet.
 12961 | Lair:3   | Found a staircase to the Shoals.
 13142 | Lair:3   | Noticed Gastronok
 13155 | Lair:3   | Killed Gastronok
 13155 | Lair:3   | Reached skill level 10 in Spellcasting
 13155 | Lair:3   | Reached skill level 13 in Earth Magic
 13745 | Lair:4   | Found a sparkling altar of Nemelex Xobeh.
 13813 | Lair:4   | Reached XP level 13. HP: 78/78 MP: 10/27
 13821 | Lair:4   | Reached ***** piety under Vehumet
 14120 | Lair:4   | Offered knowledge of Conjure Ball Lightning by Vehumet.
 14920 | Lair:5   | Found a staircase to the Slime Pits.
 14920 | Lair:5   | Found a viscous altar of Jiyva.
 14933 | Lair:5   | Noticed Josephine
 14941 | Lair:5   | Noticed Urug
 14942 | Lair:5   | Killed Josephine
 15363 | Lair:5   | Noticed reaper779's ghost (journeyman DEFE)
 15376 | Lair:5   | Killed reaper779's ghost
 15407 | Lair:5   | Killed Urug
 15671 | Lair:5   | Got a crude morningstar
 15672 | Lair:5   | Identified the +10 morningstar of the Traitor {freeze, MR+} (You found it on level 5 of the Lair of Beasts)
 15987 | Lair:6   | Entered Level 6 of the Lair of Beasts
 16430 | Lair:6   | Identified Sif Muna's Almanac of the Nocuous Voyage
 16448 | Lair:6   | Reached skill level 10 in Hexes
 16448 | Lair:6   | Reached skill level 14 in Earth Magic
 16470 | Lair:6   | Learned a level 6 spell: Bolt of Fire
 16826 | Lair:6   | Reached skill level 5 in Dodging
 16826 | Lair:6   | Reached skill level 1 in Conjurations
 16850 | Lair:6   | Reached skill level 1 in Fire Magic
 16860 | Lair:6   | Identified the +7 whip of Ciocum {flame, +Rage} (You found it on level 6 of the Lair of Beasts)
 17191 | Lair:6   | Offered knowledge of Bolt of Magma by Vehumet.
 17191 | Lair:6   | Gained mutation: Your large and strong wings let you fly indefinitely. [Gargoyle growth]
 17191 | Lair:6   | Reached XP level 14. HP: 83/83 MP: 24/29
 17889 | Lair:6   | Got a smoking wooden ring
 17891 | Lair:6   | Identified the cursed ring "Sussiq Ybuy" {*Slow rElec AC-2 Dex+6} (You found it on level 6 of the Lair of Beasts)
 18280 | D:11     | Identified a scroll of acquirement
 18280 | D:11     | Identified the Tome of the Stork (You acquired it on level 11 of the Dungeon)
 18289 | D:11     | Learned a level 6 spell: Iron Shot
 19459 | D:12     | Offered knowledge of Orb of Destruction by Vehumet.
 19466 | D:12     | Found a staircase to the Orcish Mines.
 19716 | D:12     | Found Buorghou's Antique Armour Shoppe.
 19724 | D:12     | Bought a glowing leather armour for 165 gold pieces
 19754 | D:12     | Noticed Kirke
 19760 | D:12     | Killed Kirke
 20487 | D:13     | Found Raxaoh's Book Emporium.
 20784 | D:13     | Found Iskaurgh's Gadget Boutique.
 21114 | D:13     | Found Nur Xoep's Book Emporium.
 21126 | D:13     | Found Ranaroc's Weapon Shop.
 21174 | D:13     | Found Xuzipn's Magic Scroll Shoppe.
 21182 | D:13     | Bought a scroll of enchant armour for 120 gold pieces
 21436 | D:14     | Offered knowledge of Lightning Bolt by Vehumet.
 21500 | D:14     | Reached skill level 5 in Maces & Flails
 21524 | D:14     | Reached skill level 5 in Conjurations
 21561 | D:14     | Found a frozen archway.
 21632 | IceCv    | Entered an ice cave
 21785 | IceCv    | Reached XP level 15. HP: 72/89 MP: 30/30
 22164 | IceCv    | Reached skill level 15 in Earth Magic
 22492 | IceCv    | Got a heavily runed lead ring
 22493 | IceCv    | Identified the ring "Meismax" {rPois Dex+7} (You found it in an ice cave)
 22782 | D:14     | Found a gate to the Vaults.
 22868 | D:14     | Reached skill level 5 in Fire Magic
 23272 | D:14     | Offered knowledge of Ozocubu's Refrigeration by Vehumet.
 23915 | D:15     | Entered Level 15 of the Dungeon
 23915 | D:15     | Noticed Roxanne
 23920 | D:15     | Killed Roxanne
 25106 | D:15     | Found a staircase to the Depths.
 25441 | D:15     | Reached XP level 16. HP: 75/97 MP: 9/32
 25669 | Orc:1    | Entered Level 1 of the Orcish Mines
 25931 | D:12     | Offered knowledge of Spellforged Servitor by Vehumet.
 25931 | D:12     | Reached skill level 1 in Shields
 26370 | Orc:2    | Entered Level 2 of the Orcish Mines
 26370 | Orc:2    | Found a labyrinth entrance.
 26373 | Lab      | Entered a labyrinth
 26519 | Lab      | Reached skill level 10 in Fighting
 26680 | Orc:2    | Learned a level 6 spell: Invisibility
 26744 | Orc:2    | Found a staircase to the Elven Halls.
 27965 | Orc:2    | Found Dole's Magic Scroll Emporium.
 27965 | Orc:2    | Found Pevoezxa's Antique Weapon Shop.
 27967 | Orc:2    | Found Ycwoir's Gadget Emporium.
 27967 | Orc:2    | Found Muovejai's Gadget Shop.
 27973 | Orc:2    | Bought a scroll of teleportation for 42 gold pieces
 28236 | Snake:1  | Entered Level 1 of the Snake Pit
 28307 | Snake:1  | Offered knowledge of Bolt of Cold by Vehumet.
 28374 | Snake:1  | Noticed Aizul
 28391 | Snake:1  | Killed Aizul
 28924 | Elf:1    | Entered Level 1 of the Elven Halls
 29022 | Elf:1    | Reached skill level 5 in Shields
 29285 | Elf:1    | Reached skill level 16 in Earth Magic
 30040 | Elf:1    | Learned a level 9 spell: Shatter
 30333 | Elf:1    | Reached XP level 17. HP: 46/102 MP: 11/34
 31232 | Elf:2    | Reached ****** piety under Vehumet
 31517 | Elf:2    | Offered knowledge of Lehudib's Crystal Spear by Vehumet.
 31517 | Elf:2    | Offered knowledge of Fire Storm by Vehumet.
 31517 | Elf:2    | Offered knowledge of Glaciate by Vehumet.
 31590 | Elf:2    | Noticed Azrael
 31602 | Elf:2    | Killed Azrael
 31784 | Elf:2    | Found a huge runed gate.
 31784 | Elf:2    | Found a huge runed gate.
 31784 | Elf:2    | Found a huge runed gate.
 31792 | Elf:2    | Found a huge runed gate.
 31792 | Elf:2    | Found a huge runed gate.
 32924 | Elf:2    | Reached skill level 17 in Earth Magic
 33259 | Elf:3    | Entered Level 3 of the Elven Halls
 33419 | Elf:3    | Found a portal to a secret trove of treasure.
 33573 | Elf:3    | Noticed a deep elf blademaster
 33573 | Elf:3    | Noticed a deep elf blademaster
 33585 | Elf:3    | Killed a deep elf blademaster
 33678 | Elf:3    | HP: 1/102 [deep elf blademaster/rapier (11)]
 33687 | Elf:3    | Killed a deep elf blademaster
 34082 | Elf:3    | Reached XP level 18. HP: 107/107 MP: 26/35
 34208 | Elf:3    | Noticed a deep elf master archer
 34211 | Elf:3    | Killed a deep elf master archer
 34214 | Elf:3    | Noticed a deep elf master archer
 34214 | Elf:3    | Killed a deep elf master archer
 34448 | Elf:3    | Got a brightly glowing marble ring
 34449 | Elf:3    | Identified the +1 leather armour of an ossuary {+Blink rC- Regen+ Int+4} (You took it off a deep elf demonologist on level 3 of the Elven Halls)
 34521 | Elf:3    | Identified the ring "Deor" {rPois MR+} (You took it off a deep elf demonologist on level 3 of the Elven Halls)
 34538 | Elf:3    | Got a pair of ancient boots
 34544 | Elf:3    | Identified the cursed +0 pair of boots of Mirth {rC+ MR+ MP+9} (You found it on level 3 of the Elven Halls)
 34569 | Elf:3    | Identified the Almanac of Snow and Darkness
 35705 | Snake:2  | Reached skill level 10 in Conjurations
 36894 | Snake:2  | Found Hutz's Magic Scroll Emporium.
 37449 | Snake:3  | Reached skill level 18 in Earth Magic
 37539 | Snake:3  | Found Joex's Antique Weapon Emporium.
 37832 | Snake:3  | Found Garrunuw's Armour Emporium.
 37963 | Snake:3  | Found Vemutup's Gadget Shoppe.
 37976 | Snake:3  | Found Dechet's Magic Scroll Emporium.
 38104 | Snake:3  | Found Zuhirghu's Distillery.
 38119 | Snake:3  | Bought a potion of heal wounds for 85 gold pieces
 38119 | Snake:3  | Bought a potion of haste for 170 gold pieces
 38119 | Snake:3  | Bought a potion of magic for 136 gold pieces
 38119 | Snake:3  | Bought a potion of heal wounds for 85 gold pieces
 38186 | Snake:3  | Found Eklotanym's Antique Weapon Emporium.
 38259 | Snake:3  | Found Wimar's Distillery.
 38270 | Snake:3  | Bought a potion of heal wounds for 60 gold pieces
 38270 | Snake:3  | Bought a potion of might for 48 gold pieces
 38270 | Snake:3  | Bought a potion of magic for 96 gold pieces
 38270 | Snake:3  | Bought a potion of agility for 48 gold pieces
 38493 | Snake:4  | Entered Level 4 of the Snake Pit
 38537 | Snake:4  | Reached XP level 19. HP: 104/112 MP: 37/37
 39072 | Snake:4  | Noticed Vashnia
 39141 | Snake:4  | Killed Vashnia
 40105 | Snake:4  | Reached skill level 10 in Fire Magic
 40218 | Snake:4  | Reached skill level 15 in Spellcasting
 40657 | Snake:4  | Reached skill level 10 in Dodging
 42238 | Snake:4  | Got a serpentine rune of Zot
 42567 | Shoals:1 | Entered Level 1 of the Shoals
 42586 | Shoals:1 | Reached skill level 19 in Earth Magic
 43193 | Shoals:1 | Reached XP level 20. HP: 117/117 MP: 39/39
 43265 | Shoals:1 | Reached skill level 10 in Maces & Flails
 44009 | Shoals:2 | Noticed Donald
 44017 | Shoals:2 | Killed Donald
 45329 | Shoals:3 | Found Tyacreq's Antique Armour Emporium.
 45652 | Shoals:3 | Bought a steaming leather armour for 126 gold pieces
 45652 | Shoals:3 | Identified the cursed +0 leather armour "Sown" {rC+ MR+} (You bought it in a shop on level 3 of the Shoals)
 46357 | Shoals:4 | Entered Level 4 of the Shoals
 46380 | Shoals:4 | Noticed Ilsuiw
 46403 | Shoals:4 | Killed Ilsuiw
 46562 | Shoals:4 | Identified the +0 buckler of Evolution {rPois MR+ Stlth+} (You found it on level 4 of the Shoals)
 47012 | Shoals:4 | Found Niev's Magic Scroll Shop.
 47228 | Shoals:4 | Found Pauchoerph's Book Boutique.
 47301 | Shoals:4 | Bought a scroll of blinking for 142 gold pieces
 47766 | Shoals:4 | Reached skill level 20 in Earth Magic
 48195 | Shoals:4 | Got a barnacled rune of Zot
 48505 | Vaults:1 | Entered Level 1 of the Vaults
 48515 | Vaults:1 | Learned a level 8 spell: Lehudib's Crystal Spear
 48744 | Vaults:1 | Reached XP level 21. HP: 121/122 MP: 38/41
 49522 | Vaults:1 | Noticed Saint Roka
 49551 | Vaults:1 | Killed Saint Roka
 52048 | Vaults:2 | Found a staircase to the Crypt.
 52267 | Vaults:2 | Noticed Xtahua
 52279 | Vaults:2 | Killed Xtahua
 52279 | Vaults:2 | Reached skill level 21 in Earth Magic
 53633 | Vaults:2 | Reached XP level 22. HP: 124/127 MP: 43/43
 54129 | Vaults:3 | Found Boig's Magic Scroll Boutique.
 54222 | Vaults:3 | Bought a scroll of teleportation for 30 gold pieces
 55667 | Vaults:3 | Found Bairhe's Distillery.
 55670 | Vaults:3 | Bought a potion of curing for 45 gold pieces
 55670 | Vaults:3 | Bought a potion of curing for 45 gold pieces
 55670 | Vaults:3 | Bought a potion of might for 60 gold pieces
 55670 | Vaults:3 | Bought a potion of haste for 150 gold pieces
 55670 | Vaults:3 | Bought a potion of curing for 45 gold pieces
 56406 | Vaults:4 | Found Hommem's Antique Armour Shop.
 56619 | Vaults:4 | Reached skill level 15 in Conjurations
 56875 | Vaults:4 | Noticed Sojobo
 57184 | Vaults:4 | Noticed Jorgrun
 57186 | Vaults:4 | Killed from afar by Jorgrun

Skill      XL: |  1  2  3  4  5  6  7  8  9 10 11 12 13 14 15 16 17 18 19 20 21 22 |
---------------+-------------------------------------------------------------------+-----
Earth Magic    | 4 5 6 8 9 10 11 12 13 14 15 16 17 18 19 20 21 | 21.5
Fighting       | 1 4 6 7 8 9 10 | 10.0
Maces & Flails | 1 5 7 8 9 10 | 10.5
Spellcasting   | 4 5 6 7 8 9 10 11 12 13 14 15 16 17 18 | 18.1
Hexes          | 3 4 5 7 8 9 10 | 10.0
Short Blades   | 1 |  1.9
Armour         | 4 8 |  8.4
Dodging        | 5 6 8 9 10 | 10.3
Conjurations   | 2 5 6 8 9 10 11 12 13 15 | 15.1
Fire Magic     | 2 4 6 7 8 9 10 11 12 13 | 13.0
Shields        | 6 |  6.5
Stealth        | |  2.1
Unarmed Combat | |  0.6
Transmutations | |  0.7

Action                   |  1- 3 |  4- 6 |  7- 9 | 10-12 | 13-15 | 16-18 | 19-21 | 22-24 || total
-------------------------+-------+-------+-------+-------+-------+-------+-------+-------++-------
Melee: Unarmed           |    25 |       |     2 |       |       |       |       |       ||    27
       Mace              |    78 |    49 |       |       |       |       |       |       ||   127
       Dagger            |       |     2 |   189 |       |       |       |       |       ||   191
       Punch             |       |       |     1 |       |       |       |       |       ||     1
       Dire flail        |       |       |    56 |   351 |    36 |       |       |       ||   443
       Morningstar       |       |       |       |       |   641 |   728 |   942 |   307 ||  2618
       Staff             |       |       |       |       |       |     8 |       |       ||     8
 Cast: Sandblast         |    27 |    55 |   103 |   164 |   267 |   199 |   100 |     7 ||   922
       Stone Arrow       |       |     1 |    35 |   101 |   124 |   204 |   332 |    39 ||   836
       Lee's Rapid Decon |       |       |     7 |    22 |    76 |    82 |    76 |    42 ||   305
       Confuse           |       |       |     2 |     1 |    10 |     2 |     3 |       ||    18
       Ensorcelled Hiber |       |       |     8 |     4 |       |       |       |       ||    12
       Blink             |       |       |       |     9 |     5 |     6 |     9 |     3 ||    32
       Mephitic Cloud    |       |       |       |    14 |    72 |    87 |   170 |    67 ||   410
       Ignite Poison     |       |       |       |     6 |    33 |    43 |    86 |    24 ||   192
       Iron Shot         |       |       |       |       |    14 |    47 |    87 |    31 ||   179
       Bolt of Fire      |       |       |       |       |     1 |     1 |       |       ||     2
       Invisibility      |       |       |       |       |       |     4 |     9 |       ||    13
       Lehudib's Crystal |       |       |       |       |       |       |     5 |     9 ||    14
 Abil: Fly               |       |       |       |       |     1 |       |       |       ||     1
  Use: Scroll            |     2 |     3 |     5 |    12 |    13 |    17 |     8 |     4 ||    64
       Potion            |     3 |     2 |     2 |     6 |     5 |    10 |     7 |       ||    35
 Stab: Sleeping          |       |     1 |     4 |       |     2 |       |       |       ||     7
       Confused          |       |       |     1 |       |     4 |     3 |     7 |    14 ||    29
       Invisible         |       |       |       |     1 |       |     3 |     9 |       ||    13
       Distracted        |       |       |       |       |       |     2 |     2 |       ||     4
  Eat: Chunk             |     1 |     6 |    14 |    24 |    37 |    37 |    44 |    15 ||   178
       Ration            |       |       |       |     1 |     4 |     6 |     6 |       ||    17
Armor: Robe              |    48 |    27 |    86 |   257 |   275 |   270 |   284 |    68 ||  1315
       Skin              |       |       |     1 |       |       |       |       |       ||     1
Dodge: Dodged            |    91 |    48 |   175 |   386 |   693 |   596 |   719 |   158 ||  2866
Block: Other             |       |       |       |   166 |   428 |       |       |       ||   594
       Reflection        |       |       |       |       |    25 |    71 |   155 |    23 ||   274
       Buckler           |       |       |       |       |       |   747 |  1018 |   276 ||  2041
